 Dungeon Crawl Stone Soup version 0.19-a0-499-g3a64ca2 (webtiles) character file.

107359 AlphabetPasta the Quickloader (level 16, -9/100 HPs)
             Began as a Gargoyle Hunter on June 4, 2016.
             Was the Champion of Okawaru.
             Mangled by a white ugly thing (45 damage)
             ... on level 14 of the Dungeon on June 5, 2016.
             The game lasted 02:18:42 (26885 turns).

AlphabetPasta the Quickloader (Gargoyle Hunter)    Turns: 26885, Time: 02:18:44

Health: -9/100     AC: 31    Str: 20    XL:     16   Next: 46%
Magic:  21/23      EV: 19    Int: 14    God:    Okawaru [******]
Gold:   1742       SH:  0    Dex: 14    Spells: 2 memorised, 19 levels left

rFire  + + .     SeeInvis .     a - +3 triple crossbow of the Disturbing Gods {freeze, rElec rF- MR+}
rCold  x . .     Gourm    .     k - +0 fire dragon armour
rNeg   + . .     Faith    .     (shield currently unavailable)
rPois  ∞         Spirit   .     (helmet restricted)
rElec  +         Dismiss  +     (no cloak)
rCorr  .         Reflect  .     B - +2 pair of gloves {Dex+3}
SustAt .         Harm     .     s - +1 pair of boots of Lethargy {*Confuse rF+ Slay+2}
MR     ++...                    L - amulet of dismissal
Stlth  ++........               j - +2 ring of slaying
                                y - ring of wizardry

@: heroism, studying Dodging, very resistant to hostile enchantments, unstealthy
A: big wings, horns 1, mutation resistance 1, negative energy resistance 1,
electricity resistance, unbreathing, petrification resistance, rot immunity, AC
+11
a: Fly, Heroism, Finesse, Renounce Religion


You were on level 14 of the Dungeon.
You worshipped Okawaru.
Okawaru was exalted by your worship.
You were not hungry.

You visited 4 branches of the dungeon, and saw 25 of its levels.
You also visited: Ice Cave.

You collected 2489 gold pieces.
You spent 747 gold pieces at shops.

Inventory:

Hand Weapons
 a - the +3 triple crossbow of the Disturbing Gods (weapon) {freeze, rElec rF- MR+}
   (Okawaru gifted it to you on level 7 of the Lair of Beasts)

   It causes projectiles fired from it to freeze those they strike, causing
   extra injury to most foes and up to half again as much damage against
   particularly susceptible opponents.
   They can also slow down cold-blooded creatures.
   It makes you vulnerable to fire.
   It insulates you from electricity.
   It affects your resistance to hostile enchantments.
 b - the +2 quarterstaff "Qukkoxit" {drain, MP+9 Str+6 Int+3}
   (You found it on level 6 of the Dungeon)

   A truly terrible weapon, it drains the life of those it strikes.
   It affects your strength (+6).
   It affects your intelligence (+3).
   It affects your magic capacity (+9).
 Q - the cursed +3 dire flail of Optimality {flame, +Rage SInv}
   (You bought it in a shop on level 2 of the Orcish Mines)

   It has been specially enchanted to burn those struck by it, causing extra
   injury to most foes and up to half again as much damage against particularly
   susceptible opponents.
   It lets you see invisible.
   It lets you go berserk.
   It has a curse placed upon it.
 R - the cursed +1 great mace "Impslayer" {venom, rN+ MR+}
   (You bought it in a shop on level 2 of the Orcish Mines)

   It poisons the flesh of those it strikes.
   It protects you from negative energy.
   It affects your resistance to hostile enchantments.
   It has a curse placed upon it.
Missiles
 d - 329 bolts (quivered)
Armour
 i - a +2 pair of gloves of strength
 k - a +0 fire dragon armour (worn)
 n - a +0 scale mail of positive energy
 s - the +1 pair of boots of Lethargy (worn) {*Confuse rF+ Slay+2}
   (Okawaru gifted it to you on level 6 of the Lair of Beasts)

   It affects your accuracy and damage with ranged weapons and melee attacks
   (+2).
   It protects you from fire.
   It may confuse you when you take damage.
 x - a +2 leather armour of cold resistance
 B - a +2 pair of gloves of dexterity (worn)
 Z - a +3 scale mail of poison resistance
Jewellery
 j - a +2 ring of slaying (right hand)
 y - a ring of wizardry (left hand)
 L - an amulet of dismissal (around neck)
 X - an uncursed ring of positive energy
Wands
 D - a wand of heal wounds (3/9)
 E - a wand of flame (38/48)
 M - a wand of confusion (32/48)
 N - a wand of digging (10/24)
 P - a wand of acid (10/15)
 Y - a wand of flame (24/48)
Scrolls
 c - 3 scrolls of identify
 e - 5 scrolls of recharging
 h - a scroll of enchant weapon
 m - 2 scrolls of blinking
 p - 6 scrolls of teleportation
 w - 2 scrolls of fog
 A - 7 scrolls of remove curse
 C - 2 scrolls of magic mapping
 G - 5 scrolls of enchant armour
Potions
 l - 4 potions of flight
 o - a potion of might
 r - 2 potions of ambrosia
 u - 5 potions of brilliance
 v - a potion of invisibility
 z - 2 potions of magic
 J - 2 potions of cancellation
 O - a potion of haste
 S - 3 potions of heal wounds
 U - 5 potions of curing
 W - 2 potions of agility
Books
 H - a manual of Dodging
Miscellaneous
 K - a fan of gales
 T - a phial of floods
Comestibles
 f - 12 bread rations
 g - 2 beef jerkies
 q - 7 chunks of flesh
 t - 13 meat rations
 F - 6 fruits


   Skills:
 + Level 11.2(16.2) Fighting
 + Level 10.2(15.2) Maces & Flails
 * Level 14.5(19.5) Crossbows
 + Level 11.4(16.4) Armour
 + Level 10.8(15.8) Dodging
 - Level 1.1(6.1) Stealth
 - Level 4.0 Spellcasting
 - Level 4.0 Charms
 - Level 4.0 Translocations
 + Level 4.0 Air Magic
 + Level 9.8 Invocations
 + Level 8.4 Evocations


You had 19 spell levels left.
You knew the following spells:

 Your Spells              Type           Power        Failure   Level  Hunger
a - Blink                 Tloc           N/A          6%          2    ##.....
b - Repel Missiles        Chrm/Air       ##....       6%          2    ##.....


Dungeon Overview and Level Annotations

Branches:
Dungeon (14/15)            Temple (1/1) D:7            Lair (8/8) D:8
 Shoals (0/4) Lair:3       Spider (0/4) Lair:6        Slime (0/6) Lair:7
    Orc (2/2) D:11            Elf (0/3) Orc:2        Vaults (0/5) D:13

Altars:
Ashenzari
Cheibriados
Dithmenos
Elyvilon
Fedhas
Gozag
Hepliaklqana
Kikubaaqudgha
Makhleb
Nemelex Xobeh
Okawaru
Pakellas
Qazlal
Ru
Sif Muna
Trog
Uskayaw
Vehumet
Xom
Yredelemnul
Zin
The Shining One
Beogh

Shops:
D:5 [   D:6 ?(   D:10 :}[   Orc:2 %*(:[

Annotations:
D:6 hoot's ghost, novice DDBe


Innate Abilities, Weirdness & Mutations

You are resistant to torment.
Your stone body is resilient. (AC +11)
You are immune to poison.
Your large and strong wings let you fly indefinitely.
You resist negative energy. (rN+)
You are resistant to electric shocks. (rElec)
You can survive without breathing.
You are immune to petrification.
You are immune to rotting.
You have a pair of small horns on your head.
You are somewhat resistant to further mutation.


Message History

The bolt hits the tengu warrior!!
The bolt freezes the tengu warrior!
The tengu warrior is severely wounded.
The tengu warrior hits you but does no damage.
The white ugly thing tail-slaps you but does no damage.
Firing (i - inventory):
d - 331 bolts (quivered)
Press: ? - help, Shift-Dir - straight line, f/p - white ugly thing
Aim: a white ugly thing You shoot a bolt.
The bolt hits the white ugly thing but does no damage.
The white ugly thing barely misses you.
The tengu warrior hits you from afar with a bardiche.
Firing (i - inventory):
d - 330 bolts (quivered)
Press: ? - help, Shift-Dir - straight line, f/p - white ugly thing
Aim: a white ugly thing You shoot a bolt.
The bolt hits the white ugly thing.
The white ugly thing is lightly wounded.
The white ugly thing closely misses you.
The tengu warrior barely misses you. The white ugly thing tail-slaps you!
The white ugly thing freezes you!!!
You feel a terrible chill!
You die...

.........##..##........
.........###.##........
...>.....# #.<'...K..(.
#######'## ####......(.
##K# #........ #K.#
####'#### #Q## ##.# #u#
#^.# #@# #.##
####)##### ##'#####
#...))...# #.......
#........#####.......
#........##..'.......
#...........##.......
#........#####.......
#........# ########
##########


You could see a white ugly thing, a tengu warrior, a big kobold and a kobold.

Vanquished Creatures
  Rupert (Lair:7)
  Kirke (Lair:7)
  2 orc warlords
  A stone giant (Orc:1)
  A fire dragon (Lair:8)
  Snorg (D:11)
  4 vault guards (D:13)
  Erolcha (Orc:1)
  15 hydras
  Fannar (D:12)
  Erica (Orc:1)
  A death knight (D:11)
  A catoblepas (Lair:7)
  2 centaur warriors (D:13)
  12 death yaks
  Nergalle (Orc:1)
  A skeletal warrior (D:11)
  An unseen horror (D:9)
  3 hill giants
  3 orc knights
  5 orc sorcerers
  A lindwurm (Lair:8)
  A wizard (D:10)
  2 griffons (Lair:7)
  6 ugly things
  A cyclops (D:13)
  A manticore (D:12)
  22 elephants
  5 black mambas
  An eye of devastation (Lair:7)
  3 ice statues (IceCv)
  2 centaur zombies (D:10)
  A gargoyle (D:10)
  2 torpor snails (Lair:8)
  17 spiny frogs
  6 rime drakes
  2 freezing wraiths (D:11)
  12 komodo dragons
  A redback zombie (D:12)
  A spriggan druid (Lair:8)
  8 trolls
  A two-headed ogre (D:12)
  2 boulder beetles (Lair:8)
  A polar bear (Lair:8)
  13 blink frogs
  A slime creature (D:13)
  Sigmund (D:3)
  2 wraiths
  A wyvern (D:12)
  4 basilisks
  A hog (Lair:7)
  6 hippogriffs
  70 yaks
  2 hungry ghosts
  Eustachio (D:4)
  2 vampire mosquitoes (D:13)
  A steam dragon (D:12)
  5 large abominations (D:10)
  A swamp worm (Lair:8)
  4 wargs
  22 water moccasins
  8 porcupines
  33 orc warriors
  3 sky beasts
  2 black bears
  3 phantoms
  15 ice beasts
  4 swamp drakes (Lair:8)
  5 ogres
  An eye of draining (Lair:7)
  20 wolves
  19 crocodiles
  3 centaurs
  Blork the orc (D:5)
  3 big kobolds
  16 giant frogs
  A wyvern zombie (D:13)
  7 small abominations (D:10)
  5 scorpions
  7 killer bees
  4 electric eels (D:8)
  A troll skeleton (D:9)
  3 howler monkeys
  3 spriggan skeletons (D:9)
  15 crimson imps
  2 jellies (D:13)
  A giant frog zombie (D:13)
  A quasit (D:12)
  18 orc priests
  14 hounds
  18 orc wizards
  6 centaur skeletons
  3 giant frog skeletons
  14 iguanas
  11 worker ants
  11 sheep
  3 hound zombies
  A hound skeleton (D:7)
  2 worker ant zombies
  12 adders
  4 gnolls (D:4)
  25 river rats
  6 shadow imps
  2 oozes (D:3)
  An adder zombie (D:5)
  4 adder skeletons
  2 worms
  2 dart slugs
  9 giant geckos
  95 orcs
  5 bats
  A giant cockroach (D:2)
  11 goblins
  8 hobgoblins
  3 jackals
  25 kobolds
  7 quokkas
  3 ball pythons
  5 giant newts
  A quokka skeleton (D:8)
  A quokka zombie (D:5)
  4 rats
  3 fungi
  A plant (Lair:8)
822 creatures vanquished.

Vanquished Creatures (others)
  A hydra (Lair:8)
  A spiny frog (Lair:8)
  2 komodo dragons (Lair:8)
  3 humans (Lair:7)
  An orc (Orc:1)
  20 fungi
  14 plants
42 creatures vanquished.

Grand Total: 864 creatures vanquished

Notes
Turn   | Place    | Note
--------------------------------------------------------------
     0 | D:1      | AlphabetPasta the Gargoyle Hunter began the quest for the Orb.
     0 | D:1      | Reached XP level 1. HP: 12/12 MP: 1/1
   104 | D:1      | Reached XP level 2. HP: 16/17 MP: 2/2
   346 | D:1      | Reached XP level 3. HP: 22/22 MP: 3/3
   731 | D:2      | Reached skill level 1 in Armour
   851 | D:2      | Reached skill level 1 in Maces & Flails
   851 | D:2      | Reached XP level 4. HP: 27/27 MP: 4/4
  1431 | D:3      | Reached XP level 5. HP: 32/32 MP: 5/5
  1520 | D:3      | Found a sparkling altar of Nemelex Xobeh.
  1589 | D:3      | Noticed Sigmund
  1598 | D:3      | Killed Sigmund
  1598 | D:3      | Reached skill level 5 in Crossbows
  1598 | D:3      | Reached XP level 6. HP: 24/37 MP: 6/6
  2100 | D:4      | Noticed Eustachio
  2127 | D:4      | Killed Eustachio
  2127 | D:4      | Reached XP level 7. HP: 41/41 MP: 7/7
  2353 | D:4      | Found an opulent altar of Gozag.
  2359 | D:4      | Reached skill level 6 in Crossbows
  2480 | D:4      | Upgraded the game from 0.19-a0-496-g61814d3 to 0.19-a0-499-g3a64ca2
  2951 | D:5      | Entered Level 5 of the Dungeon
  2965 | D:5      | Found Ytuobatho's Armour Boutique.
  3039 | D:5      | Reached XP level 8. HP: 41/48 MP: 8/8
  3386 | D:5      | Noticed Blork the orc
  3403 | D:5      | Killed Blork the orc
  3581 | D:5      | Reached skill level 1 in Spellcasting
  3727 | D:5      | Found a hazy altar of Hepliaklqana.
  3728 | D:5      | Found a shimmering altar of Xom.
  3729 | D:5      | Noticed a spectral ugly thing
  4184 | D:6      | Reached skill level 7 in Crossbows
  4227 | D:6      | Got a faintly glowing quarterstaff
  4344 | D:6      | Found an iron altar of Okawaru.
  4350 | D:6      | Became a worshipper of Warmaster Okawaru
  4397 | D:6      | Found Gumicoun's Weapon Shoppe.
  4439 | D:6      | Found a blossoming altar of Fedhas.
  4441 | D:6      | Found a deep blue altar of Sif Muna.
  4441 | D:6      | Found a hide-covered altar of Uskayaw.
  4441 | D:6      | Found a glowing silver altar of Zin.
  4443 | D:6      | Found a snail-covered altar of Cheibriados.
  4748 | D:6      | Noticed hoot's ghost (novice DDBe)
  4756 | D:6      | Found Zaji's Magic Scroll Emporium.
  4761 | D:6      | Bought a scroll of blinking for 105 gold pieces
  4761 | D:6      | Bought a scroll of remove curse for 42 gold pieces
  4761 | D:6      | Bought a scroll of identify for 28 gold pieces
  4761 | D:6      | Bought a scroll of magic mapping for 49 gold pieces
  4762 | D:6      | Identified the +2 quarterstaff "Qukkoxit" {drain, MP+9 Str+6 Int+3} (You found it on level 6 of the Dungeon)
  5078 | D:7      | Reached skill level 1 in Invocations
  5188 | D:7      | Found a staircase to the Ecumenical Temple.
  5190 | D:7      | Reached XP level 9. HP: 52/53 MP: 12/12
  5203 | Temple   | Entered the Ecumenical Temple
  5265 | D:7      | Reached * piety under Okawaru
  5265 | D:7      | Reached skill level 5 in Fighting
  5325 | D:7      | Reached skill level 5 in Armour
  5683 | D:7      | Reached skill level 8 in Crossbows
  6107 | D:8      | Identified a scroll of acquirement
  6130 | D:8      | Noticed a troll
  6141 | D:8      | Reached ** piety under Okawaru
  6222 | D:8      | Killed a troll
  6230 | D:8      | Reached skill level 1 in Evocations
  6426 | D:8      | Got a jet-encrusted chain mail
  6446 | D:8      | Identified the +4 chain mail of the Enchanted Forest {rC- MR++ Regen+ Dex+2} (You took it off an orc on level 8 of the Dungeon)
  6467 | D:8      | Found a staircase to the Lair.
  6479 | D:8      | Reached XP level 10. HP: 56/60 MP: 14/14
  6702 | D:8      | Found a shattered altar of Ashenzari.
  6923 | D:8      | Reached *** piety under Okawaru
  7814 | D:9      | Received a gift from Okawaru
  7814 | D:9      | Reached skill level 5 in Maces & Flails
  8133 | D:9      | Killed an unseen horror
  8133 | D:9      | Reached skill level 9 in Crossbows
  8404 | D:9      | Reached **** piety under Okawaru
  8645 | D:10     | Entered Level 10 of the Dungeon
  8666 | D:10     | Found Wustralyu's Gadget Emporium.
  8760 | D:10     | Learned a level 2 spell: Blink
  8763 | D:10     | Learned a level 2 spell: Repel Missiles
  8830 | D:10     | Found Ibottumunt's Book Shop.
  8886 | D:10     | Reached skill level 5 in Dodging
  8906 | D:10     | Noticed a wizard
  8912 | D:10     | Killed a wizard
  8912 | D:10     | Received a gift from Okawaru
  8912 | D:10     | Reached XP level 11. HP: 66/66 MP: 17/17
  8922 | D:10     | Noticed a large abomination
  9058 | D:10     | Reached skill level 1 in Translocations
  9663 | D:10     | Found Toila's Antique Armour Shoppe.
  9838 | D:10     | Noticed a large abomination
  9847 | D:10     | Killed a large abomination
  9847 | D:10     | Received a gift from Okawaru
  9986 | D:10     | Got a colourful robe
  9997 | D:10     | Identified the +2 robe of Somewhere Else {rCorr MP+9 Str+7 Dex-4} (You found it on level 10 of the Dungeon)
 10075 | D:10     | Killed a large abomination
 10129 | D:10     | Reached skill level 10 in Crossbows
 10539 | D:11     | Noticed Snorg
 10559 | D:11     | Killed Snorg
 10559 | D:11     | Reached skill level 5 in Invocations
 10620 | D:11     | Noticed a white ugly thing
 10626 | D:11     | Noticed a hill giant
 10627 | D:11     | Noticed a green ugly thing
 10630 | D:11     | Killed a white ugly thing
 10636 | D:11     | Killed a hill giant
 10637 | D:11     | Received a gift from Okawaru
 10644 | D:11     | Killed a red ugly thing
 10739 | D:11     | Found a staircase to the Orcish Mines.
 11026 | D:11     | Noticed a skeletal warrior
 11034 | D:11     | Reached ***** piety under Okawaru
 11049 | D:11     | Reached XP level 12. HP: 61/73 MP: 14/18
 11055 | D:11     | Received a gift from Okawaru
 11232 | D:11     | Noticed a death knight
 11273 | D:11     | Killed a death knight
 11776 | D:11     | Noticed an eight-headed hydra
 11793 | D:11     | Killed an eight-headed hydra
 11919 | Lair:1   | Entered Level 1 of the Lair of Beasts
 11963 | Lair:1   | Received a gift from Okawaru
 12258 | Lair:1   | Gained mutation: You have a pair of small horns on your head. [potion of beneficial mutation]
 12259 | Lair:1   | Gained mutation: You are somewhat resistant to further mutation. [potion of beneficial mutation]
 12475 | Lair:1   | Received a gift from Okawaru
 12475 | Lair:1   | Reached skill level 11 in Crossbows
 12475 | Lair:1   | Reached skill level 1 in Charms
 13162 | Lair:2   | Reached skill level 5 in Evocations
 13173 | Lair:2   | Received a gift from Okawaru
 13264 | Lair:2   | Found a frozen archway.
 13275 | Lair:2   | Reached skill level 1 in Air Magic
 13444 | IceCv    | Entered an ice cave
 13878 | IceCv    | Received a gift from Okawaru
 14095 | Lair:2   | Reached XP level 13. HP: 79/79 MP: 19/19
 14106 | Lair:2   | Received a gift from Okawaru
 14707 | Lair:3   | Received a gift from Okawaru
 14907 | Lair:3   | Found a bloodstained altar of Trog.
 15120 | Lair:3   | Found a staircase to the Shoals.
 16247 | Lair:4   | Reached skill level 12 in Crossbows
 17512 | Lair:5   | Received a gift from Okawaru
 17840 | Lair:5   | Received a gift from Okawaru
 18107 | Lair:5   | Gained mutation: Your large and strong wings let you fly indefinitely. [Gargoyle growth]
 18107 | Lair:5   | Reached XP level 14. HP: 86/86 MP: 20/20
 18622 | Lair:6   | Received a gift from Okawaru
 18646 | Lair:6   | Got a pair of heavily runed boots {god gift}
 18657 | Lair:6   | Identified the +1 pair of boots of Lethargy {*Confuse rF+ Slay+2} (Okawaru gifted it to you on level 6 of the Lair of Beasts)
 19224 | Lair:6   | Found a hole to the Spider Nest.
 19811 | Lair:7   | Reached skill level 10 in Fighting
 19811 | Lair:7   | Reached skill level 13 in Crossbows
 19886 | Lair:7   | Reached skill level 10 in Armour
 20041 | Lair:7   | Noticed Rupert
 20044 | Lair:7   | Paralysed by Rupert for 3 turns
 20060 | Lair:7   | Killed Rupert
 20080 | Lair:7   | Noticed Kirke
 20102 | Lair:7   | Killed Kirke
 20102 | Lair:7   | Received a gift from Okawaru
 20107 | Lair:7   | Got a dazzling triple crossbow {god gift}
 20108 | Lair:7   | Identified the +3 triple crossbow of the Disturbing Gods {freeze, rElec rF- MR+} (Okawaru gifted it to you on level 7 of the Lair of Beasts)
 20196 | Lair:7   | Found a staircase to the Slime Pits.
 20590 | Lair:8   | Entered Level 8 of the Lair of Beasts
 20752 | Lair:8   | Reached XP level 15. HP: 77/92 MP: 21/21
 20905 | Lair:8   | Received a gift from Okawaru
 21352 | Lair:8   | Reached ****** piety under Okawaru
 22886 | Lair:8   | Reached skill level 14 in Crossbows
 22919 | Lair:8   | Got a vibrating garnet amulet
 22920 | Lair:8   | Identified the amulet of Incredulity {Faith *Confuse rF++ Int+4 SInv} (You found it on level 8 of the Lair of Beasts)
 23364 | Orc:1    | Entered Level 1 of the Orcish Mines
 23374 | Orc:1    | Noticed an orc warlord
 23379 | Orc:1    | Killed an orc warlord
 23379 | Orc:1    | Reached skill level 10 in Dodging
 23691 | Orc:1    | Received a gift from Okawaru
 23791 | Orc:1    | Noticed Nergalle
 23809 | Orc:1    | Killed Nergalle
 23889 | Orc:1    | Noticed Erica
 23890 | Orc:1    | Noticed Erolcha
 23894 | Orc:1    | Killed Erolcha
 23897 | Orc:1    | Killed Erica
 24231 | Orc:2    | Entered Level 2 of the Orcish Mines
 24311 | Orc:2    | Found a roughly hewn altar of Beogh.
 24334 | Orc:2    | Found Miorar's General Store.
 24339 | Orc:2    | Bought a scroll of identify for 26 gold pieces
 24339 | Orc:2    | Bought a scroll of identify for 26 gold pieces
 24362 | Orc:2    | Found a staircase to the Elven Halls.
 24483 | Orc:2    | Found a roughly hewn altar of Beogh.
 24555 | Orc:2    | Found a roughly hewn altar of Beogh.
 24576 | Orc:2    | Found Kiucykoi's Food Shop.
 24619 | Orc:2    | Found a roughly hewn altar of Beogh.
 24670 | Orc:2    | Found a roughly hewn altar of Beogh.
 24857 | Orc:2    | Found Vaden's Book Shoppe.
 24978 | Orc:2    | Found a roughly hewn altar of Beogh.
 25034 | Orc:2    | Reached XP level 16. HP: 99/99 MP: 22/22
 25096 | Orc:2    | Received a gift from Okawaru
 25162 | Orc:2    | Found Depric's Antique Weapon Boutique.
 25165 | Orc:2    | Found Caish's Antique Armour Shop.
 25166 | Orc:2    | Found a roughly hewn altar of Beogh.
 25177 | Orc:2    | Bought an ichor-stained dire flail for 207 gold pieces
 25177 | Orc:2    | Bought a polished great mace for 264 gold pieces
 25177 | Orc:2    | Identified the cursed +3 dire flail of Optimality {flame, +Rage SInv} (You bought it in a shop on level 2 of the Orcish Mines)
 25178 | Orc:2    | Identified the cursed +1 great mace "Impslayer" {venom, rN+ MR+} (You bought it in a shop on level 2 of the Orcish Mines)
 25829 | D:12     | Noticed Fannar
 25834 | D:12     | Killed Fannar
 25834 | D:12     | Reached skill level 10 in Maces & Flails
 26395 | D:13     | Received a gift from Okawaru
 26430 | D:13     | Found a gate to the Vaults.
 26466 | D:13     | Received a gift from Okawaru
 26885 | D:14     | Mangled by a white ugly thing

Vault maps used:
D:1:      mrwooster_arrival_statue_3, hangedman_decor_lopped
D:2:      grunt_decor_cap
D:3:      nemelex_deck, minivault_23, uniq_sigmund
D:4:      first_bread, nicolae_gozag_cash_rules_everything_around_me,
          uniq_eustachio
D:5:      regret_index_temple_of_mockery, serial_shops, shop, uniq_blork_the_orc
D:6:      old_standard_altar, minitemple, serial_shops, kennysheep_little_box,
          nicolae_shop_statue_plus
D:7:      temple_hall
D:8:      cheibrodos_ashenzari_chains, erik_lair_island,
          kennysheep_generic_room_9
D:9:      hangedman_tell_no_tales, minmay_misc_feat_pillars, minmay_door_square
D:10:     serial_glass, glass_columns_a, glass_columns_a, glass_columns_a,
          glass_columns_a, serial_shops, nicolae_shop_window_shopping,
          nicolae_shop_behind_doors, shop, dk_noncrumbling_3, laboratory
D:11:     orc_0_dummy, uniq_snorg
D:12:     uniq_fannar
D:13:     lightli_vaults_fourway_checkpoint
D:14:     special_room
Temple:   circular_temple_12
Lair:2:   portal_ice_cave_entry_ice_beasts
Lair:3:   elwin_shoals_entry_rocks, lemuel_altar_in_water2
Lair:4:   uniq_sonja
Lair:5:   serial_bayou_shore_a, grunt_megastairs_4, lemuel_fruit_fields
Lair:6:   dummy_spider_entry, st_stairs_7, minmay_hedge_maze
Lair:7:   minmay_slime_entry_eyes, infiniplex_staircase_pool_2,
          grunt_megastairs_3, uniq_kirke, uniq_rupert
Lair:8:   guppyfry_lair_end_dragon, hangedman_lair_in_review,
          kilobyte_rumbling_trees
Orc:1:    uniq_erolcha, uniq_erica, uniq_nergalle
Orc:2:    grunt_orc_community_town_hall, grunt_orc_community_big_house_2,
          grunt_orc_community_big_house_2, grunt_orc_community_house_2,
          grunt_orc_community_house_3, grunt_orc_community_house_2,
          grunt_orc_community_house_3, grunt_orc_community_house_2,
          grunt_orc_community_house_1, serial_shops, shop
IceCv:    ice_cave_statue_garden_chambered

Skill      XL: |  1  2  3  4  5  6  7  8  9 10 11 12 13 14 15 16 |
---------------+-------------------------------------------------+-----
Armour         | 1 2 3 4 6 7 8 9 10 11 | 11.4
Maces & Flails | 1 2 3 4 5 6 7 8 9 10 | 10.2
Dodging        | 2 3 4 5 6 7 8 9 10 | 10.8
Fighting       | 3 4 5 6 7 8 9 10 11 | 11.2
Crossbows      | 5 6 7 8 9 10 11 12 13 14 | 14.5
Spellcasting   | 2 3 4 |  4.0
Invocations    | 1 3 4 5 6 7 8 9 |  9.8
Evocations     | 1 2 4 5 6 7 8 |  8.4
Translocations | 2 3 4 |  4.0
Charms         | 1 2 4 |  4.0
Air Magic      | 1 2 3 4 |  4.0
Stealth        | |  1.1

Action                   |  1- 3 |  4- 6 |  7- 9 | 10-12 | 13-15 | 16-18 || total
-------------------------+-------+-------+-------+-------+-------+-------++-------
Melee: Mace              |       |    20 |   367 |       |       |       ||   387
       Quarterstaff      |       |       |   228 |   237 |   395 |    46 ||   906
       Headbutt          |       |       |       |    20 |   121 |    12 ||   153
 Fire: Hand crossbow     |    74 |    91 |    81 |       |       |       ||   246
       Arbalest          |       |       |    23 |   547 |   454 |       ||  1024
       Triple crossbow   |       |       |       |       |   506 |   216 ||   722
 Cast: Repel Missiles    |       |       |       |     1 |       |       ||     1
       Blink             |       |       |       |       |     1 |       ||     1
Invok: Heroism           |       |       |       |    14 |    13 |     3 ||    30
       Finesse           |       |       |       |     2 |     4 |     1 ||     7
Evoke: Wand              |       |       |       |       |     5 |     1 ||     6
  Use: Scroll            |       |    10 |    11 |     9 |    13 |     3 ||    46
       Potion            |       |     1 |     1 |     9 |     5 |       ||    16
 Stab: Sleeping          |       |       |     1 |       |       |       ||     1
       Petrified         |       |       |       |       |     2 |       ||     2
  Eat: Chunk             |       |     3 |    15 |    14 |    29 |     5 ||    66
       Bread ration      |       |       |     1 |       |       |       ||     1
       Beef jerky        |       |       |       |     3 |     2 |       ||     5
       Royal jelly       |       |       |       |     4 |       |       ||     4
       Pizza             |       |       |       |     1 |       |     1 ||     2
       Fruit             |       |       |       |       |     3 |       ||     3
Armor: Leather armour    |    20 |    25 |   330 |   275 |       |       ||   650
       Scale mail        |       |       |       |       |   367 |       ||   367
       Fire dragon armou |       |       |       |       |   151 |   118 ||   269
Dodge: Dodged            |    22 |    31 |   455 |   454 |   800 |   159 ||  1921
       Deflected         |       |       |       |       |     9 |     2 ||    11
